 Dungeon Crawl Stone Soup version 0.26.0-5-gb5863c6483 (webtiles) character file.

Game seed: 4833240767117350987

369 Froggeryz the Cudgeller (level 6, -2/35 HPs)
             Began as a Gargoyle Gladiator on Jan 10, 2021.
             Was an Initiate of Okawaru.
             Killed from afar by an orc (37 damage)
             ... with an exploding inner flame
             ... on level 7 of the Dungeon on Jan 11, 2021.
             The game lasted 00:03:42 (3022 turns).

Froggeryz the Cudgeller (Gargoyle Gladiator)        Turns: 3022, Time: 00:03:42

Health: -2/35      AC: 12    Str: 19    XL:     6   Next: 70%
Magic:  6/6        EV: 11    Int:  9    God:    Okawaru [......]
Gold:   153        SH:  0    Dex: 17    Spells: 5/5 levels left

rFire    . . .     SeeInvis .   q - +0 flail (holy)
rCold    . . .     Faith    .   (no shield)
rNeg     + + .     Spirit   .   m - +0 scale mail (curse)
rPois    ∞         Reflect  .   c - +0 helmet
rElec    +         Harm     .   (no cloak)
rCorr    .         Rampage  .   (no gloves)
Will     .....                  (no boots)
Stlth    ..........             (no amulet)
HPRegen  0.11/turn              j - +6 ring of dexterity
MPRegen  0.10/turn              l - ring of positive energy

@: about to teleport
A: negative energy resistance 1, electricity resistance, unbreathing,
petrification resistance, miasma immunity, AC +4
a: Renounce Religion


You were on level 7 of the Dungeon.
You worshipped Okawaru.
Okawaru was noncommittal.
You visited 1 branch of the dungeon, and saw 5 of its levels.

You collected 153 gold pieces.

Inventory:

Hand Weapons
 q - a +0 flail of holy wrath (weapon)
Missiles
 d - 3 throwing nets (quivered)
 r - 14 poisoned darts
Armour
 c - a +0 helmet (worn)
 m - a cursed +0 scale mail (worn)
Jewellery
 j - a +6 ring of dexterity (left hand)
 l - a ring of positive energy (right hand)
Scrolls
 e - a scroll of immolation
 k - 2 scrolls of identify
 n - 2 scrolls of magic mapping
 o - a scroll of teleportation
 p - a scroll of remove curse {unknown}
Potions
 b - a potion of magic
 f - a potion of haste {unknown}
 g - a potion of degeneration {unknown}
 h - 2 potions of cancellation {unknown}
 i - a potion of resistance {unknown}
 s - a potion of brilliance {unknown}
 t - a potion of invisibility


   Skills:
 - Level 2.1 Fighting
 * Level 6.6 Maces & Flails
 - Level 1.7 Throwing
 + Level 3.0 Armour
 - Level 2.4 Dodging


You had 5 spell levels left.
You didn't know any spells.
Your spell library contained the following spells:

 Spells                   Type           Power        Failure   Level
 Summon Lightning Spire   Summ/Air       0%           100%        4
 Silence                  Hex/Air        0%           100%        5
 Conjure Ball Lightning   Conj/Air       0%           100%        6
 Tornado                  Air            0%           100%        9


Dungeon Overview and Level Annotations

Branches:
Dungeon (4/15)
 Temple: D:4-7

Altars:
Gozag
Kikubaaqudgha
Makhleb
Okawaru
Wu Jian
Xom


Innate Abilities, Weirdness & Mutations

You are resistant to torment.
Your stone body is resilient. (AC +4)
You are immune to poison.
You resist negative energy. (rN+)
You are resistant to electric shocks. (rElec)
You can survive without breathing.
You are immune to petrification.
You are immune to miasma.


Message History

b - a potion of magic The orc hits you but does no damage.
As you read the scroll labelled QUYNIME RISMORR, it crumbles to dust.
You feel aware of your surroundings.
It was a scroll of magic mapping.
The orc wizard mumbles some strange words.
The orc wizard blinks!
As you read the scroll labelled TUAFOS DUCKEDE, it crumbles to dust.
You feel strangely unstable.
It was a scroll of teleportation.
You aren't carrying any items that you can evoke.
You hit the orc.
Flame seeps out of the orc.
The orc is moderately wounded.
The orc is engulfed in blazing flames.
Okawaru accepts your kill.
The orc explodes!
The fiery explosion engulfs the orc warrior!!
Flame seeps out of the orc warrior.
The orc warrior is severely wounded.
The fiery explosion engulfs you!!!
Ouch! That really hurt!
You die...

####### #(....# #.....#
#.....# #.§@§.# *
#.§○o.# * #..oB.### *
#.....5.## ***
#........#########,, ***
#.....#Y.......B..,,
*,**#######o......^^^.,,
*,,,,,,............_^.,,
**,,,,............^§^.,,


You could see an orc warrior (inner flame), an ice beast, an orc wizard (fast,
inner flame), a white imp (inner flame), an orc (inner flame) and a giant
cockroach.

Vanquished Creatures
  Purgy (D:3)
  A scorpion (D:4)
  An orc priest (D:4)
  A worker ant (D:3)
  Robin (D:2)
  5 adders
  A white imp (D:2)
  An ooze (D:2)
  2 worms (D:3)
  2 dart slugs
  2 leopard geckos
  10 orcs
  8 bats
  7 giant cockroaches
  16 goblins
  12 hobgoblins
  3 jackals (D:3)
  6 kobolds
  2 quokkas (D:3)
  A ball python (D:2)
  A frilled lizard (D:2)
  13 rats
97 creatures vanquished.

Notes
Turn   | Place    | Note
-------+----------+-------------------------------------------
     0 | D:1      | Froggeryz the Gargoyle Gladiator began the quest for the
                  | Orb.
     0 | D:1      | Reached XP level 1. HP: 12/12 MP: 1/1
   289 | D:1      | Reached XP level 2. HP: 15/17 MP: 2/2
   537 | D:1      | Reached skill level 4 in Maces & Flails
   550 | D:1      | Reached XP level 3. HP: 10/21 MP: 3/3
  1115 | D:2      | Noticed Robin
  1162 | D:2      | Killed Robin
  1163 | D:2      | Reached XP level 4. HP: 20/26 MP: 4/4
  1315 | D:2      | Reached skill level 5 in Maces & Flails
  1616 | D:2      | Reached skill level 1 in Armour
  1897 | D:3      | Reached XP level 5. HP: 30/30 MP: 5/5
  2298 | D:3      | Found an ornate altar of the Wu Jian Council.
  2478 | D:3      | Noticed Purgy
  2497 | D:3      | Killed Purgy
  2498 | D:3      | Reached skill level 6 in Maces & Flails
  2498 | D:3      | Reached XP level 6. HP: 22/35 MP: 6/6
  2645 | D:3      | Found an iron altar of Okawaru.
  2648 | D:3      | Found an opulent altar of Gozag.
  2651 | D:3      | Found a burning altar of Makhleb.
  2657 | D:3      | Became a worshipper of Warmaster Okawaru
  2663 | D:3      | Found an ancient bone altar of Kikubaaqudgha.
  3010 | D:4      | You fall into a shaft and drop 3 floors!
  3010 | D:7      | Found a shimmering altar of Xom.
  3010 | D:7      | Noticed an orc warrior
  3011 | D:7      | Noticed an ice beast
  3022 | D:7      | Killed from afar by an orc

Illustrated notes

Levels and vault maps discovered:
D:1:      ncdulo_wetmaze, layout_basic, st_stairs_6, corner_web_ring
D:2:      layout_loops_ring, uniq_robin
D:3:      layout_loops_ring, lemuel_coloured_pillars_altar,
          grunt_temple_overflow_cloverleaf, uniq_purgy
D:4:      layout_cave_pods, kennysheep_mini, grunt_qazlal_clouds,
          tso_oasis_becter, lemuel_crystal_altar, uniq_eustachio, uniq_natasha
D:7:      layout_rooms, xom_teletrap_fun, minivault_14

Skill      XL: |  1  2  3  4  5  6 |
---------------+-------------------+-----
Maces & Flails | 4 5 6 |  6.6
Armour         | 1 2 3 |  3.0
Fighting       | |  2.1
Throwing       | |  1.7
Dodging        | |  2.4

Action                   |  1- 3 |  4- 6 || total
-------------------------+-------+-------++-------
Melee: Flail             |   138 |   176 ||   314
  Use: Potion            |       |     1 ||     1
       Scroll            |       |     4 ||     4
Armor: Leather armour    |    43 |       ||    43
       Scale mail        |    37 |   117 ||   154
Dodge: Dodged            |   101 |   137 ||   238
